 Dungeon Crawl Stone Soup version 0.30-a0-1094-g860fb061e7 (webtiles) character file.

Game seed: 15535919652944915293

144 porpoise the Vexing (level 5, -2/35 HPs)
             Began as a Formicid Enchanter on Apr 18, 2023.
             Slain by a gnoll
             ... wielding a +0 whip
              (5 damage)
             ... on level 3 of the Dungeon.
             The game lasted 00:12:05 (2566 turns).

porpoise the Vexing (Formicid Enchanter)            Turns: 2566, Time: 00:12:06

Health: -2/35      AC:  6    Str: 12    XL:     5   Next: 52%
Magic:  1/9        EV: 12    Int: 21    God:
Gold:   86         SH:  0    Dex: 19    Spells: 5/10 levels left

rFire   + . .      SeeInvis +    a - +1 dagger
rCold   . . .      Faith    .    (no shield)
rNeg    . . .      Spirit   .    l - +3 robe "Yqumnieh" {Dex+3}
rPois   .          Reflect  .    (helmet unavailable)
rElec   .          Rampage  .    (no cloak)
rCorr   .                        q - +0 pair of gloves
Will    .....                    (no boots)
Stlth   +++                      (no amulet)
HPRegen 0.25/turn                h - +6 ring of intelligence
MPRegen 0.11/turn                o - ring of protection from fire

@: no status effects
A: permanent stasis, dig shafts and tunnels, antennae 3, four strong arms
a: Dig, Shaft Self


You were on level 3 of the Dungeon.
You visited 1 branch of the dungeon, and saw 3 of its levels.

You collected 86 gold pieces.

Inventory:

Hand Weapons
 a - a +1 dagger (weapon)
Missiles
 m - 3 boomerangs (quivered)
Armour
 l - the +3 robe "Yqumnieh" (worn) {Dex+3}
   (You found it on level 2 of the Dungeon)

   Dex:       It affects your dexterity (+3).
 q - a +0 pair of gloves (worn)
Magical Staves
 b - a staff of earth
 s - a staff of death
Jewellery
 h - a +6 ring of intelligence (left hand)
 o - a ring of protection from fire (right hand)
Scrolls
 d - a scroll of immolation
 f - a scroll of summoning {unknown}
 g - a scroll of enchant weapon {unknown}
 j - a scroll of noise {unknown}
 k - a scroll of fear {unknown}
 t - a scroll of teleportation {unknown}
Potions
 c - 3 potions of invisibility
 i - a potion of attraction
 p - a potion of might
 r - a potion of heal wounds


   Skills:
 + Level 3.0 Short Blades
 - Level 1.7 Dodging
 - Level 3.6 Stealth
 - Level 3.0 Spellcasting
 + Level 4.5 Hexes
 + Level 2.2 Ice Magic


You had 5 spell levels left.
You knew the following spells:

 Your Spells              Type           Power      Damage    Failure   Level
a - Confusing Touch       Hex            22%        N/A       6%          3
e - Ensorcelled Hibernat  Hex/Ice        34%        N/A       4%          2

Your spell library contained the following spells:

 Spells                   Type           Power      Damage    Failure   Level
 Tukima's Dance           Hex            22%        N/A       6%          3
 Dazzling Flash           Conj/Hex       24%        N/A       16%         3


Dungeon Overview and Level Annotations

Branches:
Dungeon (3/15)

Altars:
Hepliaklqana


Innate Abilities, Weirdness & Mutations

You cannot be hasted, slowed, berserked, paralysed or teleported.
You can dig through walls and to a lower floor.
You have a pair of large antennae on your head. (SInv)
Your four strong arms can wield two-handed weapons with a shield.


Message History

The gnoll is severely wounded.
The gnoll hits you with a +0 whip.
* * * LOW HITPOINT WARNING * * *
The gnoll hits you with a +0 flail.
* * * LOW HITPOINT WARNING * * *
Casting: Ensorcelled Hibernation (safe; 5% risk of failure)
Confirm with . or Enter, or press ? or * to list all spells.
Aiming: Ensorcelled Hibernation (safe; 5% risk of failure)
Press: ? - help, Shift-Dir - straight line, f - gnoll, p - gnoll
Aim: a gnoll, wielding a +0 whip (chance to affect: 59%)
The gnoll resists with significant effort.
The gnoll hits you but does no damage. The gnoll hits you with a +0 flail.
* * * LOW HITPOINT WARNING * * *
You barely miss the gnoll.
The gnoll is severely wounded.
The gnoll misses you. The gnoll barely misses you.
You hit the gnoll.
The gnoll is severely wounded.
The gnoll hits you but does no damage. The gnoll barely misses you.
You hit the gnoll.
You kill the gnoll!
Your Short Blades skill increases to level 3!
You hit the gnoll but do no damage. The gnoll closely misses you.
You hit the gnoll.
The gnoll is moderately wounded.
The gnoll barely misses you.
You hit the gnoll.
The gnoll is heavily wounded.
The gnoll completely misses you.
You closely miss the gnoll.
The gnoll is heavily wounded.
The gnoll closely misses you.
You completely miss the gnoll.
The gnoll is heavily wounded.
The gnoll hits you with a +0 whip.
* * * LOW HITPOINT WARNING * * *
You hit the gnoll.
The gnoll is severely wounded.
The gnoll hits you with a +0 whip.
You die...

###.#### . ......#
.# #####.##[##.#
......).....#
#####.......#
##.##.##.###
#..........#
#####..#.#...#.#
#.($....g@....<.#
#.......)))<..#.#
#..........)....#
#..................
#.......#.###.#.#..
#..(....#.# .#.# #
........#.. .. #
.######### .##


You could see a gnoll.

Vanquished Creatures
  Jessica (D:2)
  2 adders (D:2)
  3 gnolls (D:3)
  2 dart slugs (D:2)
  A ball python (D:1)
  9 bats
  5 endoplasms
  2 giant cockroaches (D:1)
  5 goblins
  5 hobgoblins
  6 jackals
  8 quokkas
  6 frilled lizards
  5 kobolds
  A rat (D:2)
61 creatures vanquished.

Notes
Turn   | Place    | Note
-------+----------+-------------------------------------------
     0 | D:1      | porpoise the Formicid Enchanter began the quest for the
                  | Orb.
     0 | D:1      | Reached XP level 1. HP: 13/13 MP: 3/3
   122 | D:1      | Reached XP level 2. HP: 14/19 MP: 5/5
   127 | D:1      | Learned a level 2 spell: Ensorcelled Hibernation
   562 | D:1      | Reached XP level 3. HP: 19/24 MP: 6/6
  1041 | D:2      | Learned a level 3 spell: Confusing Touch
  1061 | D:2      | Identified the +3 robe "Yqumnieh" {Dex+3}
  1139 | D:2      | Found a hazy altar of Hepliaklqana.
  1145 | D:2      | Reached skill level 1 in Ice Magic
  1159 | D:2      | Reached XP level 4. HP: 30/30 MP: 2/7
  1215 | D:2      | Noticed Jessica
  1218 | D:2      | Killed Jessica
  1219 | D:2      | Reached skill level 4 in Hexes
  1946 | D:2      | Reached XP level 5. HP: 31/35 MP: 6/9
  2566 | D:3      | Slain by a gnoll

Illustrated notes

Levels and vault maps discovered:
D:1:      scummos_arrival_checkerplants, layout_basic
D:2:      layout_basic, basic_altar, minmay_increasing_density, uniq_jessica
D:3:      layout_loops_cross, uniq_ijyb, uniq_sigmund

Skill      XL: |  1  2  3  4  5 |
---------------+----------------+-----
Short Blades   | 2 3 |  3.0
Ice Magic      | 1 2 |  2.2
Hexes          | 4 |  4.5
Spellcasting   | 3 |  3.0
Dodging        | |  1.7
Stealth        | |  3.6

Action                     |  1- 3 |  4- 6 || total
---------------------------+-------+-------++-------
  Melee: Dagger            |    62 |    80 ||   142
         Punch             |     1 |       ||     1
  Throw: Boomerang         |       |     4 ||     4
         Dart              |       |     2 ||     2
   Cast: Ensorcelled Hiber |    10 |    32 ||    42
    Use: Scroll            |       |     4 ||     4
   Stab: Sleeping          |    16 |    20 ||    36
 Armour: Robe              |    13 |    21 ||    34
  Dodge: Dodged            |    23 |    55 ||    78

Table legend: (Time is in decaauts)
 A = Elapsed time spent in this place.
 B = Non-inter-level travel time spent in this place.
 C = Inter-level travel time spent in this place.
 D = Time resting spent in this place.
 E = Time spent auto-exploring this place.
 F = Levels seen in this place.
 G = Mean time per level.
                   A        B        C        D        E       F      G
               +--------+--------+--------+--------+--------+-----+--------+
         Total |   2549 |   2519 |     30 |    727 |   1240 |   3 |  849.7 |
       Dungeon |   2549 |   2519 |     30 |    727 |   1240 |   3 |  849.7 |
               +--------+--------+--------+--------+--------+-----+--------+

Top non-repeatable levels by time:
     D:2: 1355 daAuts
     D:1: 1030 daAuts
     D:3: 164 daAuts
